 Dungeon Crawl Stone Soup version 0.22-a0-305-gd21a89c (webtiles) character file.

41890 Borgoz the Fighter (level 14, 0/115 (125) HPs)
             Began as a Ghoul Abyssal Knight on Mar 31, 2018.
             Was a Priest of Lugonu.
             Slain by a reaper
             ... wielding a +1 scythe of freezing
              (35 damage)
             ... in an ice cave.
             The game lasted 00:52:22 (20926 turns).

Borgoz the Fighter (Ghoul Abyssal Knight)          Turns: 20926, Time: 00:52:23

HP:   0/115 (125)   AC: 15    Str: 17    XL:     14   Next: 17%
MP:   13/21         EV: 10    Int: 13    God:    Lugonu [***...]
Gold: 1308          SH:  0    Dex: 15    Spells: 13/13 levels left

rFire    + . .     SeeInvis .   c - +8 dagger of Plague {elec, rF+ Int+6}
rCold    + + +     Gourm    .   (no shield)
rNeg     + + +     Faith    .   u - +0 plate armour
rPois    ∞         Spirit   .   g - +0 hat {MR+}
rElec    .         Reflect  .   d - +0 cloak {rC+}
rCorr    .         Harm     .   (no gloves)
MR       ++...                  (no boots)
Stlth    ..........             G - amulet of regeneration
HPRegen  0.00/turn              J - ring of protection from cold
MPRegen  0.17/turn              B - +3 ring of dexterity

@: rotting
A: rotting body, claws 1, carnivore, cold resistance 1, negative energy
resistance 3, inhibited regeneration, torment resistance, unbreathing
a: Depart the Abyss, Bend Space, Banish, Renounce Religion


You were in an ice cave.
You worshipped Lugonu.
Lugonu was most pleased with you.
You were not hungry.

You visited 4 branches of the dungeon, and saw 20 of its levels.
You visited the Abyss 1 time.
You also visited: Bailey and Ice Cave.

You collected 1308 gold pieces.

Inventory:

Hand Weapons
 c - the +8 dagger of Plague (weapon) {elec, rF+ Int+6}
   (You found it on level 1 of the Abyss)

   Occasionally, upon striking a foe, it will discharge some electrical energy
   and cause terrible harm.
   It affects your intelligence (+6).
   It protects you from fire.
Armour
 d - a +0 cloak of cold resistance (worn)
 g - a +0 hat of magic resistance (worn)
 i - a scarf of cloud immunity
 u - a +0 plate armour (worn)
 L - a +2 helmet
Jewellery
 f - an uncursed ring of resist corrosion
 h - a +3 amulet of reflection
 B - a +3 ring of dexterity (right claw)
 D - an uncursed ring of stealth
 G - an amulet of regeneration (around neck)
 J - a ring of protection from cold (left claw)
Wands
 a - a wand of clouds (8)
 n - a wand of random effects (23)
 s - a wand of enslavement (18)
 v - a wand of iceblast (26)
 C - a wand of polymorph (5)
 I - a wand of flame (32)
 Q - a wand of digging (14)
Scrolls
 j - a scroll of holy word {unknown}
 k - a scroll of amnesia
 m - a scroll of magic mapping
 q - 9 scrolls of remove curse
 x - 3 scrolls of enchant armour
 y - 3 scrolls of blinking
 z - 2 scrolls of silence
 F - 3 scrolls of teleportation
Potions
 e - 2 potions of invisibility
 l - 5 potions of curing
 p - 4 potions of might
 t - a potion of resistance
 w - 4 potions of flight
 E - 3 potions of ambrosia
Comestibles
 b - 31 rations


   Skills:
 + Level 11.8 Fighting
 + Level 9.7 Short Blades
 + Level 9.9 Armour
 + Level 9.7 Dodging
 - Level 8.2 Stealth
 - Level 2.1 Unarmed Combat
 + Level 11.5 Invocations


You had 13 spell levels left.
You didn't know any spells.

Dungeon Overview and Level Annotations

Branches:
Dungeon (13/15)            Temple (1/1) D:6            Lair (5/6) D:11
 Shoals (0/4) Lair:3        Snake (0/4) Lair:4          Orc (1/2) D:12
 Vaults (0/5) D:13
  Slime: Lair:5-6

Altars:
Ashenzari
Cheibriados
Dithmenos
Elyvilon
Fedhas
Gozag
Hepliaklqana
Kikubaaqudgha
Makhleb
Nemelex Xobeh
Okawaru
Qazlal
Ru
Sif Muna
Trog
Uskayaw
Vehumet
Wu Jian
Xom
Yredelemnul
Zin
The Shining One

Shops:
D:8 %


Innate Abilities, Weirdness & Mutations

Your body is rotting away.
You thrive on raw meat.
You are immune to poison.
You have sharp fingernails.
You are carnivorous and can eat meat at any time.
Your flesh is cold resistant. (rC+)
You are immune to negative energy. (rN+++)
You do not regenerate when monsters are visible.
You are immune to unholy pain and torment.
You can survive without breathing.


Message History

The reaper is severely wounded.
You hit the reaper.
The reaper is severely wounded.
You hit the reaper.
The reaper is severely wounded.
The reaper hits you with a scythe of freezing!!
You hit the reaper but do no damage.
The reaper is severely wounded.
Press: ? - help, Shift-Dir - straight line, f - reaper
Aim: a reaper, wielding a scythe of freezing (severely wounded, chance to defeat MR: 25%)
The reaper resists with almost no effort.
You feel somewhat more hungry.
The reaper hits you with a scythe of freezing!!
The reaper freezes you.
Press: ? - help, Shift-Dir - straight line, f/p - reaper
Aim: a reaper, wielding a scythe of freezing (severely wounded, chance to defeat MR: 25%)
The reaper resists with almost no effort.
You feel quite a bit more hungry.
The reaper hits you with a scythe of freezing!!
You die...

###......§§§##....###
#..#
##......####§§##.....##
##..
##......§#..§.§§..#....#
##§
##.......##..§§§§###....#
##§.
#.......##§§§.§§##......#
##§§.
##......§§§§.#§§§§.....##
#.§§#
##.....###§§#§.###...##
#...# ###..#...
#....##### ##...
####.§..2#.@....# ##...
##§§.§.2##.## ##....
###..... ## #...∩.
###§### #..... .§ ##..∩.
#[§ ##... ### ####


You could see a reaper.

Vanquished Creatures
  A vault guard (D:12)
  Harold (Lair:1)
  A catoblepas (Lair:3)
  A two-headed ogre (D:11)
  A centaur warrior (D:13)
  2 death yaks (Lair:4)
  A skeletal warrior (D:12)
  2 unseen horrors
  Pikel (D:9)
  2 manticores (D:11)
  A black mamba (Lair:3)
  2 ice statues (IceCv)
  5 spiny frogs
  9 ice devils (IceCv)
  A komodo dragon (Lair:4)
  A freezing wraith (D:13)
  2 trolls
  A polar bear (Lair:4)
  2 hornets
  5 dream sheep (Lair:4)
  22 blink frogs
  6 hippogriffs
  5 slime creatures
  A shadow (D:11)
  3 wyverns
  A spriggan (D:8)
  3 wraiths
  A hungry ghost (D:11)
  A basilisk (D:9)
  9 yaks
  A steam dragon (D:11)
  3 vampire mosquitoes (D:13)
  A redback simulacrum (D:13)
  A warg (D:12)
  3 nagas (Lair:4)
  7 water moccasins
  6 porcupines
  A soldier ant (D:12)
  5 sky beasts
  3 orc warriors
  7 black bears
  2 ice beasts (D:10)
  2 phantoms
  3 slaves (D:9)
  4 wolves (Lair:5)
  6 centaurs
  3 ogres
  6 crocodiles
  A big kobold (D:11)
  12 bullfrogs
  A wyvern zombie (D:6)
  8 gnoll sergeants (Bailey)
  4 scorpions
  16 killer bees
  A howler monkey (D:7)
  3 electric eels
  4 crimson imps
  4 centaur zombies
  3 bullfrog zombies
  9 hounds
  4 orc priests
  8 centaur skeletons
  4 jellies
  13 orc wizards
  6 gnoll shamans (Bailey)
  9 iguanas
  10 worker ants
  4 hell rats (Lair:4)
  A hound zombie (D:7)
  2 hound skeletons (D:7)
  A worker ant zombie (D:10)
  20 gnolls
  12 adders
  3 shadow imps
  9 white imps (IceCv)
  5 ufetubi (IceCv)
  3 oozes
  2 adder zombies
  An adder skeleton (D:4)
  2 worms
  5 dart slugs
  6 leopard geckos
  42 orcs
  2 ball pythons
  2 giant cockroaches
  9 goblins
  5 hobgoblins
  3 jackals (D:8)
  10 kobolds
  5 quokkas
  4 bats (D:1)
  6 frilled lizards
  A leopard gecko skeleton (D:7)
  A leopard gecko zombie (D:6)
  A quokka skeleton (D:7)
  8 rats
453 creatures vanquished.

Vanquished Creatures (others)
  A hydra (D:13)
  4 vault guards
  A death knight (D:13)
  The ghost of Gorice the Basher, a journeyman DsWn (Lair:1)
  4 two-headed ogres
  A cyclops (D:11)
  A slime creature (D:13)
  A guardian serpent (D:10)
  A gargoyle (D:10)
  A freezing wraith (D:13)
  A basilisk (Lair:1)
  4 orc warriors
  A white imp (IceCv)
  5 ufetubi (IceCv)
  A bush (Lair:3)
  13 fungi
  5 plants
  4 toadstools (Lair:5)
50 creatures vanquished.

Grand Total: 503 creatures vanquished

Notes
Turn   | Place    | Note
-------+----------+-------------------------------------------
     0 | Abyss:1  | Borgoz the Ghoul Abyssal Knight began the quest for the Orb.
     0 | Abyss:1  | Reached XP level 1. HP: 19/19 MP: 1/1
    32 | Abyss:1  | Got a bone dagger
    39 | Abyss:1  | Identified the +8 dagger of Plague {elec, rF+ Int+6} (You found it on level 1 of the Abyss)
    53 | Abyss:1  | Noticed a wight
    53 | D:1      | Escaped the Abyss
    78 | D:1      | Reached skill level 1 in Dodging
    87 | D:1      | Reached XP level 2. HP: 5/26 MP: 2/2
   105 | D:1      | Reached * piety under Lugonu
   201 | D:1      | Reached XP level 3. HP: 31/31 MP: 3/3
   550 | D:2      | Reached skill level 1 in Short Blades
   755 | D:2      | Reached XP level 4. HP: 38/40 MP: 4/4
  1160 | D:2      | Found a burning altar of Makhleb.
  1536 | D:3      | Found a basalt altar of Yredelemnul.
  1595 | D:3      | Reached XP level 5. HP: 45/45 MP: 6/6
  1825 | D:3      | Found an ancient bone altar of Kikubaaqudgha.
  1890 | D:3      | Found a radiant altar of Vehumet.
  1896 | D:3      | Reached ** piety under Lugonu
  2156 | D:3      | Reached XP level 6. HP: 52/52 MP: 7/7
  2203 | D:3      | Found a bloodstained altar of Trog.
  3427 | D:5      | Entered Level 5 of the Dungeon
  3430 | D:5      | Reached XP level 7. HP: 55/60 MP: 8/8
  3598 | D:5      | Found a hide-covered altar of Uskayaw.
  3720 | D:5      | Reached skill level 5 in Fighting
  4507 | D:5      | Got a crystal hand axe
  4882 | D:6      | Reached XP level 8. HP: 64/68 MP: 10/10
  4936 | D:6      | Found a staircase to the Ecumenical Temple.
  5214 | D:6      | Reached skill level 5 in Invocations
  5249 | Temple   | Entered the Ecumenical Temple
  5532 | D:6      | Got a twisted hand axe
  5548 | D:6      | Reached *** piety under Lugonu
  5600 | D:6      | Identified the +9 hand axe of Proximity {drain, Fragile rPois rC+ rN+} (You found it on level 6 of the Dungeon)
  5601 | D:6      | Identified the +4 hand axe "Demonbane" {chop, +Rage MR+ Dex-4} (You found it on level 5 of the Dungeon)
  6099 | D:6      | Reached XP level 9. HP: 32/77 MP: 12/12
  6377 | D:7      | Reached skill level 5 in Armour
  6525 | D:7      | Found a glowing silver altar of Zin.
  6673 | D:7      | Reached skill level 1 in Stealth
  6735 | D:7      | Found a sacrificial altar of Ru.
  6748 | D:7      | Found a sparkling altar of Nemelex Xobeh.
  6982 | D:7      | Found a hazy altar of Hepliaklqana.
  7060 | D:7      | Reached skill level 5 in Dodging
  7665 | D:8      | Noticed a two-headed ogre
  7820 | D:8      | Found a white marble altar of Elyvilon.
  7829 | D:8      | Banished a two-headed ogre
  7829 | D:8      | Reached skill level 5 in Short Blades
  7874 | D:8      | Found Atuir's Food Boutique.
  7968 | D:8      | Found a shattered altar of Ashenzari.
  8067 | D:8      | Reached XP level 10. HP: 57/86 MP: 14/14
  8566 | D:9      | Found a stormy altar of Qazlal.
  8764 | D:9      | Noticed Pikel
  8794 | D:9      | Killed Pikel
  9219 | D:9      | Noticed a two-headed ogre
  9221 | D:9      | Banished a two-headed ogre
  9781 | D:10     | Entered Level 10 of the Dungeon
  9842 | D:10     | Reached **** piety under Lugonu
  9972 | D:10     | Reached skill level 5 in Stealth
 10192 | D:10     | Noticed a two-headed ogre
 10194 | D:10     | Banished a two-headed ogre
 10194 | D:10     | Reached XP level 11. HP: 93/93 MP: 10/15
 10201 | D:10     | Noticed a two-headed ogre
 10201 | D:10     | Banished a two-headed ogre
 11150 | D:11     | Noticed a two-headed ogre
 11175 | D:11     | Found a flagged portal.
 11207 | Bailey   | Entered a bailey
 11797 | D:11     | Noticed a cyclops
 11802 | D:11     | Banished a cyclops
 11876 | D:11     | Killed a two-headed ogre
 11923 | D:11     | Found a staircase to the Lair.
 11946 | D:11     | Noticed a manticore
 11959 | D:11     | Killed a manticore
 12047 | D:11     | Killed an unseen horror
 12296 | D:11     | Noticed a manticore
 12310 | D:11     | Killed a manticore
 12407 | D:12     | Reached XP level 12. HP: 65/105 MP: 17/17
 12608 | Lair:1   | Entered Level 1 of the Lair of Beasts
 12707 | Lair:1   | Noticed Gorice's ghost (journeyman DsWn)
 12710 | Lair:1   | Banished Gorice's ghost
 13563 | Lair:2   | Noticed Harold
 13592 | Lair:1   | Killed Harold
 13837 | Lair:2   | Reached skill level 10 in Fighting
 14596 | Lair:3   | Noticed a seven-headed hydra
 14606 | Lair:3   | Banished a seven-headed hydra
 14723 | Lair:3   | Identified the Collected Works on Icy Enchantment
 14743 | Lair:3   | Noticed a catoblepas
 14762 | Lair:3   | Killed a catoblepas
 15010 | Lair:3   | Found a staircase to the Shoals.
 15037 | Lair:3   | Reached skill level 10 in Invocations
 15616 | Lair:4   | Noticed a four-headed hydra
 15624 | Lair:3   | Banished a four-headed hydra
 15624 | Lair:3   | Reached XP level 13. HP: 97/114 MP: 19/19
 16208 | Lair:4   | Found a staircase to the Snake Pit.
 17413 | D:12     | Found a staircase to the Orcish Mines.
 17453 | D:12     | Reached ***** piety under Lugonu
 17959 | D:13     | Found a glowing golden altar of the Shining One.
 18819 | D:13     | Found a sacrificial altar of Ru.
 19047 | D:13     | Found a gate to the Vaults.
 19047 | D:13     | Noticed a vault guard
 19047 | D:13     | Noticed a vault guard
 19047 | D:13     | Noticed a vault guard
 19047 | D:13     | Noticed a vault guard
 19048 | D:13     | Noticed a vault guard
 19049 | D:13     | Noticed a vault guard
 19049 | D:13     | Banished a vault guard
 19051 | D:13     | Banished a vault guard
 19063 | D:13     | Noticed a vault guard
 19098 | D:13     | Banished a vault guard
 19118 | D:12     | Killed a vault guard
 19236 | D:12     | Banished a vault guard
 19236 | D:12     | Reached XP level 14. HP: 59/124 MP: 21/21
 19579 | D:13     | HP: 2/123 [centaur warrior/arrow (16)]
 20055 | Orc:1    | Entered Level 1 of the Orcish Mines
 20088 | Orc:1    | Found a frozen archway.
 20098 | IceCv    | Entered an ice cave
 20718 | IceCv    | Noticed a reaper
 20926 | IceCv    | Slain by a reaper

Vault maps used:
D:1:      mainiacjoe_arrival_reflecting_pool
D:2:      makhleb_grotto_becter, first_ration
D:3:      lemuel_doored_altar, marbit_many_paths,
          nicolae_overflow_hidden_temple, nicolae_overflow_crystal_walls,
          kennysheep_small_spiral
D:4:      serial_park_tiny_1, hangedman_decor_growths
D:5:      basic_altar
D:6:      minmay_temple_entry_large_hall, serial_undead, serial_undead_e,
          serial_undead_f, serial_undead_e, serial_undead_b
D:7:      lemuel_crystal_altar, kennysheep_mini_moat, minitemple
D:8:      lemuel_round_altar, overflow_temple_1_default, serial_shops, shop,
          the_bakery
D:9:      kennysheep_mini, stair_cage_cross, minmay_lizard_king, uniq_pikel
D:10:     minmay_ornate_pinched, grunt_ministairs_10,
          nrook_guardian_serpent_double
D:11:     grunt_lair_entry_orc_guard_hut, enter_bailey_7
D:12:     david_orc_3, kennysheep_pointless_box
D:13:     erik_vaults_2, basic_altar, tso_metal_star
Temple:   cyrus_temple_forest
Lair:1:   infiniplex_staircase_pool
Lair:2:   uniq_harold
Lair:3:   minmay_shoals_entry_centaurs, minmay_hedge_maze, grunt_megastairs_3,
          lemuel_fruit_tree, serial_bayou_shore_a
Lair:4:   minmay_snake_entry_guardpost_small
Lair:5:   gammafunk_lair_enchanted_lake, slime_altar_1, grunt_megastairs_1,
          infiniplex_staircase_pool_2
Orc:1:    portal_ice_cave_entry_pillars_2
Bailey:   bailey_polearm_gnolls_kennysheep, bailey
IceCv:    ice_cave_small_demon

Skill      XL: |  1  2  3  4  5  6  7  8  9 10 11 12 13 |
---------------+----------------------------------------+-----
Dodging        | 1 2 3 4 5 6 7 8 9 |  9.7
Armour         | 2 3 4 5 6 7 8 9 |  9.9
Short Blades   | 1 2 3 4 5 6 7 8 9 |  9.7
Fighting       | 4 5 6 7 8 9 10 11 | 11.8
Invocations    | 3 4 5 6 7 9 10 11 | 11.5
Stealth        | 3 5 7 8 |  8.2
Unarmed Combat | |  2.1

Action                   |  1- 3 |  4- 6 |  7- 9 | 10-12 | 13-15 || total
-------------------------+-------+-------+-------+-------+-------++-------
Melee: Dagger            |    62 |   134 |   322 |   784 |   784 ||  2086
       Punch             |       |     1 |     3 |     6 |     8 ||    18
Invok: Depart the Abyss  |     1 |       |       |       |       ||     1
       Banish            |       |       |     3 |    17 |    21 ||    41
  Use: Scroll            |       |       |     7 |    20 |    10 ||    37
       Potion            |       |       |     3 |     5 |     6 ||    14
 Stab: Sleeping          |       |       |       |    12 |       ||    12
  Eat: Chunk             |     5 |     6 |    35 |    82 |    36 ||   164
       Ration            |       |       |       |       |     3 ||     3
Armor: Leather armour    |    10 |    24 |    36 |    25 |       ||    95
       Plate armour      |       |       |       |   324 |   351 ||   675
       Ring mail         |       |       |       |    11 |       ||    11
Dodge: Dodged            |    30 |    58 |   170 |   347 |   287 ||   892
Block: Other             |       |       |    33 |     8 |     7 ||    48
       Reflection        |       |       |     1 |       |     3 ||     4

Table legend:
 A = Spawn XP
 B = Non-spawn XP
 C = Spawn XP percentage of total XP
 D = Spawn monster count
 E = Non-spawn monster count
 F = Spawn count percentage of total count
 G = Total turns spent on level
                    A         B        C        D         E        F      G
               +---------+---------+-------+---------+---------+-------+---------
         Total |       0 |   59844 |   0.0 |       0 |     475 |   0.0 | 20926
               +---------+---------+-------+---------+---------+-------+---------
           D:1 |       0 |      55 |   0.0 |       0 |      26 |   0.0 |   466
           D:2 |       0 |      93 |   0.0 |       0 |      11 |   0.0 |   939
           D:3 |       0 |     177 |   0.0 |       0 |      16 |   0.0 |   888
           D:4 |       0 |     285 |   0.0 |       0 |      16 |   0.0 |  1081
           D:5 |       0 |     550 |   0.0 |       0 |      16 |   0.0 |  1246
           D:6 |       0 |    1181 |   0.0 |       0 |      42 |   0.0 |  1890
           D:7 |       0 |    1207 |   0.0 |       0 |      22 |   0.0 |  1034
           D:8 |       0 |    1537 |   0.0 |       0 |      23 |   0.0 |   870
           D:9 |       0 |    2507 |   0.0 |       0 |      20 |   0.0 |  1235
          D:10 |       0 |    3833 |   0.0 |       0 |      29 |   0.0 |  1273
          D:11 |       0 |    5762 |   0.0 |       0 |      40 |   0.0 |   945
          D:12 |       0 |    7225 |   0.0 |       0 |      33 |   0.0 |  1948
          D:13 |       0 |    8571 |   0.0 |       0 |      34 |   0.0 |  1104
        Lair:1 |       0 |    3081 |   0.0 |       0 |      11 |   0.0 |  1164
        Lair:2 |       0 |    4854 |   0.0 |       0 |      20 |   0.0 |  1024
        Lair:3 |       0 |    5982 |   0.0 |       0 |      23 |   0.0 |  1110
        Lair:4 |       0 |    5905 |   0.0 |       0 |      25 |   0.0 |   941
        Lair:5 |       0 |    1666 |   0.0 |       0 |       9 |   0.0 |   224
         Orc:1 |       0 |     118 |   0.0 |       0 |       4 |   0.0 |    43
        Bailey |       0 |    1221 |   0.0 |       0 |      30 |   0.0 |   524
         IceCv |       0 |    4034 |   0.0 |       0 |      25 |   0.0 |   828
               +---------+---------+-------+---------+---------+-------+---------
